 Dungeon Crawl Stone Soup version 0.31-a0-845-g9abc20d (webtiles) character file.

Game seed: 18249354946551651906

2645259 foff the Conqueror (level 27, 323/323 HPs)
             Began as an Ogre Monk on Sept 26, 2023.
             Was a High Priest of Okawaru.
             Escaped with the Orb
             ... and 4 runes on Oct 2, 2023!
             The game lasted 01:41:19 (61259 turns).

foff the Conqueror (Ogre Monk)                     Turns: 61259, Time: 01:41:20

Health: 323/323    AC: 42    Str: 40    XL:     27
Magic:  29/29      EV:  9    Int: 16    God:    Okawaru [*****.]
Gold:   6540       SH:  0    Dex: 13    Spells: 26/26 levels left

rFire   + + +        a - +9 giant spiked club (spect)
rCold   + + +        (shield currently unavailable)
rNeg    + + +        X - +12 gold dragon scales
rPois   ∞            F - +2 hat
rElec   +            u - +1 cloak of the Trees {Str+2 Dex+3 SInv}
rCorr   .            (gloves unavailable)
SInv    +            (boots unavailable)
Will    ++++.        N - amulet of Uvieschu {Rampage Regen+ Dex+2} Stlth
                     T - ring of Res Nullius {+Blink rElec Int+6 Slay+3}
HPRegen 1.53/turn    M - ring "Gevvunk" {rF++ rC+ Will+ Str+3 Dex-4}
MPRegen 0.21/turn

%: rampage
@: death-form, studying 4 skills
A: vile attack, torment immunity, no potions, large, unfitting armour, tough
skin 1, iridescent scales 1, low MP 1, shaggy fur 1, strong 1
0: Orb of Zot
}: 4/15 runes: serpentine, barnacled, slimy, silver
a: Siphon Essence, Begin Untransformation, Renounce Religion, Evoke Blink,
Heroism, Finesse, Duel


You escaped.
You worshipped Okawaru.
Okawaru was extremely pleased with you.
You were an undying horror.
You visited 11 branches of the dungeon, and saw 53 of its levels.
You visited 1 ziggurat, and saw 13 of its levels.
You also visited: Trove, Sewer, Ossuary, Gauntlet, Ice Cave and Wizlab.

You collected 8992 gold pieces.
You spent 2452 gold pieces at shops.

Inventory:

Hand Weapons
 a - a +9 spectral giant spiked club (weapon)
 b - the +10 morningstar "Eos" {elec, Halo rElec}
   (Okawaru gifted it to you on level 5 of the Lair of Beasts)

   Halo:      It grants its wielder a halo, revealing invisible creatures and
   increasing accuracy against all within it other than the wielder.
   rElec:     It insulates you from electricity.
Missiles
 d - 7 throwing nets
 e - 17 curare-tipped darts
 f - 66 boomerangs
 D - 14 javelins
 K - 157 large rocks (quivered)
 V - 24 silver javelins
Armour
 u - the +1 cloak of the Trees (worn) {Str+2 Dex+3 SInv}
   (You found it in a treasure trove)

   Str+2:     It affects your strength (+2).
   Dex+3:     It affects your dexterity (+3).
   SInv:      It lets you see invisible.
 B - a scarf of resistance
 F - a +2 hat (worn)
 X - +12 gold dragon scales (worn)
Jewellery
 l - the ring "Hapt" {rPois rF+ Will++ rCorr Dex-4}
   (You acquired it on level 5 of the Vaults)

   [ring of poison resistance]

   Dex-4:     It affects your dexterity (-4).
   rF+:       It protects you from fire.
   rPois:     It protects you from poison Will++: It greatly increases your
   willpower.
   rCorr:     It protects you from acid and corrosion.
 p - the ring of Absolutism {rC+ Will+ Str+3 Int+4}
   (You found it in a treasure trove)

   [ring of willpower]

   Str+3:     It affects your strength (+3).
   Int+4:     It affects your intelligence (+4).
   rC+:       It protects you from cold.
   Will+:     It increases your willpower.
 r - the ring of Xom's Condemnation {+Blink rF+ SInv Stlth+}
   (You found it on level 7 of a ziggurat)

   [ring of see invisible]

   rF+:       It protects you from fire.
   SInv:      It lets you see invisible.
   +Blink:    It lets you blink.
   Stlth+:    It makes you more stealthy.
 y - the ring "Syri Fat" {Fly Int+3}
   (You found it on level 5 of the Pits of Slime)

   [ring of flight]

   Int+3:     It affects your intelligence (+3).
   Fly:       It grants you flight.
 E - the ring of Beywuomu {Will+ Int+4 Slay+3 SInv Stlth+}
   (You took it off a deep elf zephyrmancer on level 3 of the Elven Halls)

   [ring of see invisible]

   Int+4:     It affects your intelligence (+4).
   Slay+3:    It affects your accuracy & damage with ranged weapons and melee
   (+3).
   Will+:     It increases your willpower.
   SInv:      It lets you see invisible.
   Stlth+:    It makes you more stealthy.
 J - the ring of New Discoveries {rC+ Will+ Str+3 Slay+2}
   (You took it off a deep elf annihilator on level 3 of the Elven Halls)

   [ring of willpower]

   Str+3:     It affects your strength (+3).
   Slay+2:    It affects your accuracy & damage with ranged weapons and melee
   (+2).
   rC+:       It protects you from cold.
   Will+:     It increases your willpower.
 L - the ring of Yredelemnul's Esteem {rC+ rN+}
   (You acquired it on level 2 of the Depths)

   [ring of positive energy]

   rC+:       It protects you from cold.
   rN+:       It protects you from negative energy.
 M - the ring "Gevvunk" (right hand) {rF++ rC+ Will+ Str+3 Dex-4}
   (You found it in a wizard's laboratory)

   [ring of willpower]

   Str+3:     It affects your strength (+3).
   Dex-4:     It affects your dexterity (-4).
   rF++:      It greatly protects you from fire.
   rC+:       It protects you from cold.
   Will+:     It increases your willpower.
 N - the amulet of Uvieschu (around neck) {Rampage Regen+ Dex+2}
   (You took it off a necromancer on level 5 of the Vaults)

   [amulet of regeneration]

   Dex+2:     It affects your dexterity (+2).
   Regen+:    It increases your rate of health regeneration.
   Rampage:   It bestows one free step when moving towards enemies.
 T - the ring of Res Nullius (left hand) {+Blink rElec Int+6 Slay+3}
   (You took it off a vault guard on level 5 of the Vaults)

   [ring of intelligence]

   Int+6:     It affects your intelligence (+6).
   Slay+3:    It affects your accuracy & damage with ranged weapons and melee
   (+3).
   rElec:     It insulates you from electricity.
   +Blink:    It lets you blink.
Talismans
 o - a talisman of death (active)
Wands
 q - a wand of light (48)
 A - a wand of digging (39)
 Y - a wand of iceblast (68)
Scrolls
 g - 13 scrolls of vulnerability
 k - 9 scrolls of revelation
 m - 2 scrolls of silence
 z - 5 scrolls of poison
 C - 10 scrolls of immolation
 I - 12 scrolls of fog
 P - 5 scrolls of fear
 S - 6 scrolls of enchant weapon
 U - 11 scrolls of blinking
 Z - 29 scrolls of teleportation
Potions
 h - 11 potions of lignification
 i - 4 potions of mutation
 j - 6 potions of enlightenment
 n - 4 potions of cancellation
 s - 2 potions of resistance
 v - a potion of curing
 w - 9 potions of magic
 x - 7 potions of heal wounds
 G - 16 potions of haste
 H - 15 potions of might
 O - 10 potions of attraction
 Q - 12 potions of invisibility
 W - 4 potions of ambrosia
Miscellaneous
 c - a phial of floods
 t - a condenser vane


   Skills:
 O Level 27 Fighting
 - Level 22.0 Maces & Flails
 + Level 23.1 Throwing
 + Level 17.1 Armour
 + Level 8.7 Dodging
 - Level 13.0 Invocations
 - Level 8.1 Evocations
 - Level 25.3 Shapeshifting


You had 26 spell levels left.
You didn't know any spells.
Your spell library contained the following spells:

 Spells                   Type           Power      Damage    Failure   Level
 Foxfire                  Conj/Fire      0%         2x1d4     87%         1
 Freeze                   Ice            0%         1d3       87%         1
 Kiss of Death            Conj/Necr      0%         2d5       87%         1
 Magic Dart               Conj           0%         1d3       87%         1
 Sandblast                Erth           0%         2d4       87%         1
 Slow                     Hex            0%         N/A       87%         1
 Sting                    Tmut/Pois      0%         1d3       87%         1
 Blink                    Tloc           0%         N/A       95%         2
 Cigotuvi's Dreadful Rot  Necr/Pois/Air  0%         N/A       95%         2
 Ensorcelled Hibernation  Hex/Ice        0%         N/A       95%         2
 Jinxbite                 Hex            0%         N/A       95%         2
 Lesser Beckoning         Tloc           0%         N/A       95%         2
 Momentum Strike          Conj/Tloc      0%         3d8       95%         2
 Poisonous Vapours        Pois/Air       0%         N/A       95%         2
 Static Discharge         Conj/Air       0%         2-2/arc   95%         2
 Sublimation of Blood     Necr           0%         N/A       95%         2
 Wereblood                Tmut           0%         N/A       95%         2
 Confusing Touch          Hex            0%         N/A       99%         3
 Dazzling Flash           Conj/Hex       0%         N/A       99%         3
 Frozen Ramparts          Ice            0%         1d1       99%         3
 Gell's Gravitas          Tloc           0%         N/A       99%         3
 Hailstorm                Conj/Ice       0%         3d3       99%         3
 Ignite Poison            Fire/Tmut/Pois 0%         N/A       99%         3
 Mephitic Cloud           Conj/Pois/Air  0%         N/A       99%         3
 Ozocubu's Armour         Ice            0%         N/A       99%         3
 Sigil of Binding         Hex            0%         N/A       99%         3
 Stone Arrow              Conj/Erth      0%         3d7       99%         3
 Swiftness                Air            0%         N/A       99%         3
 Teleport Other           Tloc           0%         N/A       99%         3
 Vampiric Draining        Necr           0%         2d6       99%         3
 Volatile Blastmotes      Fire/Tloc      0%         2d10      99%         3
 Airstrike                Air            0%         2d(0-16)  100%        4
 Anguish                  Hex/Necr       0%         N/A       100%        4
 Brom's Barrelling Bould  Conj/Erth      0%         2d3       100%        4
 Dimensional Bullseye     Hex/Tloc       0%         N/A       100%        4
 Dispel Undead            Necr           0%         3d6       100%        4
 Iskenderun's Mystic Bla  Conj/Tloc      0%         2d3       100%        4
 Leda's Liquefaction      Hex/Erth       0%         N/A       100%        4
 Manifold Assault         Tloc           0%         N/A       100%        4
 Olgreb's Toxic Radiance  Pois           0%         N/A       100%        4
 Passage of Golubria      Tloc           0%         N/A       100%        4
 Petrify                  Tmut/Erth      0%         N/A       100%        4
 Sticky Flame             Conj/Fire      0%         2d3       100%        4
 Vhi's Electric Charge    Tloc/Air       0%         N/A       100%        4
 Agony                    Necr           0%         N/A       100%        5
 Alistair's Intoxication  Tmut/Pois      0%         N/A       100%        5
 Arcjolt                  Conj/Air       0%         1d10      100%        5
 Borgnjor's Vile Clutch   Necr/Erth      0%         N/A       100%        5
 Fireball                 Conj/Fire      0%         3d3       100%        5
 Freezing Cloud           Conj/Ice/Air   0%         6-21      100%        5
 Iskenderun's Battlesphe  Conj           0%         2d6       100%        5
 Lee's Rapid Deconstruct  Erth           0%         3d4*      100%        5
 Metabolic Englaciation   Hex/Ice        0%         N/A       100%        5
 Silence                  Hex/Air        0%         N/A       100%        5
 Bombard                  Conj/Erth      0%         9d1       100%        6
 Conjure Ball Lightning   Conj/Air       0%         3x3d6     100%        6
 Dispersal                Tloc           0%         N/A       100%        6
 Eringya's Noxious Bog    Tmut/Pois      0%         4d6       100%        6
 Plasma Beam              Fire/Air       0%         2x1d10    100%        6
 Starburst                Conj/Fire      0%         6d3       100%        6
 Orb of Destruction       Conj           0%         9d5       100%        7
 Ozocubu's Refrigeration  Ice            0%         4d7       100%        7
 Disjunction              Tloc           0%         N/A       100%        8
 Ignition                 Fire           0%         3d3       100%        8
 Lehudib's Crystal Spear  Conj/Erth      0%         10d2      100%        8
 Maxwell's Capacitive Co  Air            0%         ∞         100%        8
 Chain Lightning          Conj/Air       0%         N/A       100%        9
 Fire Storm               Conj/Fire      0%         5d1       100%        9
 Polar Vortex             Ice            0%         N/A       100%        9
 Shatter                  Erth           0%         3d5*      100%        9
 Call Imp                 Summ           Unusable   N/A       N/A         2
 Call Canine Familiar     Summ           Unusable   N/A       N/A         3
 Summon Guardian Golem    Hex/Summ       Unusable   N/A       N/A         3
 Tukima's Dance           Hex            Unusable   N/A       N/A         3
 Animate Armour           Summ/Erth      Unusable   N/A       N/A         4
 Summon Ice Beast         Ice/Summ       Unusable   N/A       N/A         4
 Summon Lightning Spire   Summ/Air       Unusable   N/A       N/A         4
 Death Channel            Necr           Unusable   N/A       N/A         6
 Simulacrum               Ice/Necr       Unusable   N/A       N/A         6
 Haunt                    Necr/Summ      Unusable   N/A       N/A         7
 Malign Gateway           Summ/Tloc      Unusable   N/A       N/A         7
 Spellforged Servitor     Conj/Summ      Unusable   N/A       N/A         7
 Summon Hydra             Summ           Unusable   N/A       N/A         7

Dungeon Overview and Level Annotations

Branches:
Dungeon (15/15)            Temple (1/1) D:7            Lair (5/5) D:10
 Shoals (4/4) Lair:2        Snake (4/4) Lair:2        Slime (5/5) Lair:5
    Orc (2/2) D:9             Elf (3/3) Orc:2        Vaults (5/5) D:14
  Crypt (0/3) Vaults:2     Depths (4/4) D:15            Zot (5/5) Depths:4
  Sewer (visited)         Ossuary (visited)           IceCv (visited)
 WizLab (visited)         Gauntlet (visited)

Altars:
Ashenzari
Cheibriados
Dithmenos
Elyvilon
Fedhas
Gozag
Hepliaklqana
Kikubaaqudgha
Makhleb
Nemelex Xobeh
Okawaru
Qazlal
Ru
Sif Muna
Trog
Uskayaw
Vehumet
Wu Jian
Xom
Yredelemnul
Zin
The Shining One
Jiyva
Lugonu

Shops:
D:4 *   Orc:2 ([[:   Elf:2 [   Elf:3 [   Shoals:1 *?=   Shoals:4 *   Vaults:1 ?

Portals:
Hell: Depths:1 Depths:2 Depths:3 Depths:4
Abyss: Slime:1 Depths:2 Depths:3
Pandemonium: Depths:2

Annotations:
D:1 Natasha
D:12 2 transporters, Ozzieoiler's ghost, journeyman DrCA
Elf:2 5 runed translucent doors
Depths:2 2 transporters
Depths:3 2 runed translucent doors


Innate Abilities, Weirdness & Mutations

You are an undying horror.
Your melee and unarmed attacks drain, slow and weaken victims.
You are immune to unholy pain and torment.
You cannot drink.
You are immune to poison.
You are too large for most types of armour.
You have tough skin. (AC +1)
You are partially covered in iridescent scales. (AC +2)
Your magical capacity is low. (-10% MP)
You are covered in fur. (AC +1)
Your muscles are strong. (Str +4, Int/Dex -1)


Message History

Natasha casts a spell at you.
The magic dart hits you but does no damage.
Natasha mumbles some strange words.
A sixfirhy comes into view.
The sixfirhy moves out of view.
The sixfirhy hits you but does no damage. x2
The sixfirhy closely misses you.
Natasha casts a spell.
There is a stone staircase leading up here.
You closely miss the sixfirhy.
Your +9 spectral giant spiked club hits the sixfirhy!!!!
You kill the sixfirhy!
Okawaru accepts your kill.
Your +9 spectral giant spiked club disappears.
The cerulean imp closely misses you. Natasha claws you but does no damage.
The cerulean imp hits you but does no damage.
The cerulean imp hits you but does no damage.
Natasha claws you.
The cerulean imp hits you from afar with a +0 spear.
You climb upwards.
The cerulean imp disappears in a puff of smoke! x2
There is a stone staircase leading down here.
You take 4 damage, and have 319/323 hp.
Natasha stares at you and mumbles some strange words.
The magic dart hits you but does no damage.
There is an open door here.
Natasha attacks as she pursues you! Natasha claws you but does no damage.
Natasha claws you but does no damage. Natasha attacks as she pursues you!
Natasha claws you. Natasha claws you but does no damage.
You take 3 damage, and have 320/323 hp.
Natasha attacks as she pursues you! Natasha claws you but does no damage.
Natasha attacks as she pursues you! Natasha claws you but does no damage.
There is an open door here.
Natasha attacks as she pursues you! Natasha misses you.
Natasha mumbles some strange words.
There is a staircase leading out of the dungeon here.
Natasha claws you but does no damage.
You have escaped!

.........##..#######.......#
.........'..##.....#.....#.#
.........#####.8.8.####.##.#
.........# #..8...###..#.#
.........# #.8.8...###>#.#
.........# #..(.....##.#.#
.######### #.###.⌠.⌠.#.#.# .#
#.+.#.....#.#.#
.#############^#z#..8..'...#
..........[..#.h.#.....#.######
##############.###.⌠.⌠.#......#
#........##.####.#
#.8.8...###.##.#.# #..8...##
#....#.# #.8.8.## #.##.#.#
#.....# #.##.#.#
############.##.#.#


You could see Natasha.

Vanquished Creatures
  the Royal Jelly (Slime:5)
  A seraph (Depths:2)
  8 dread liches
  4 orbs of fire
  3 juggernauts
  An ancient lich (Vaults:5)
  Sojobo (Vaults:5)
  Boris (Vaults:5)
  Vv (Zot:1)
  13 Killer Klowns
  Margery (Vaults:5)
  Saint Roka (Orc:1)
  2 curse toes (Zot:2)
  3 caustic shrikes
  15 golden dragons
  A doom hound (Zig:12)
  2 profane servitors (Zig:12)
  A bone dragon (Zig:12)
  7 electric golems
  A hellephant (Zig:1)
  8 liches
  Mlioglotl (Shoals:4)
  A tainted leviathan (Zig:12)
  18 tentacled monstrosities
  A moon troll (WizLab)
  2 walking frostbound tomes (Depths:3)
  5 quicksilver dragons
  Asterion (Snake:2)
  3 walking earthen tomes
  26 Orb Guardians
  2 deep elf master archers (Elf:3)
  A walking divine tome (Depths:2)
  5 titans
  20 acid blobs
  10 death cobs
  7 sphinxes
  2 deep elf blademasters (Elf:3)
  Kirke (D:12)
  Frances (D:13)
  9 tentacled starspawn (WizLab)
  11 tengu reavers
  5 shadow dragons
  Donald (Shoals:2)
  Ilsuiw (Shoals:2)
  4 nagarajas (Snake:4)
  The ghost of gorushi the Devastator, an adept GrEE of Vehumet (Snake:4)
  11 rockslimes
  12 storm dragons
  8 azure jellies
  18 fire giants
  2 draconian monks
  3 draconian knights
  2 ghost moths
  4 iron dragons
  A deep elf elementalist (Elf:2)
  3 draconian scorchers
  2 quicksilver elementals (Zig:8)
  26 vault wardens
  29 frost giants
  8 draconian shifters
  6 orc warlords
  2 deep elf sorcerers
  A reaper (Zig:12)
  3 draconian stormcallers (Zot:1)
  An angel (Depths:2)
  4 spriggan defenders
  8 quicksilver oozes
  30 stone giants
  27 ironbound preservers
  4 cacodemons
  8 war gargoyles
  2 draconian annihilators
  5 vampire knights
  3 putrid mouths (Zig:12)
  22 very ugly things
  11 formless jellyfish
  9 ironbound thunderhulks
  6 bunyips
  8 deep elf annihilators
  4 yellow draconians
  6 black draconians
  2 eleionomae
  5 deep elf demonologists
  15 green draconians
  7 dire elephants
  A minotaur (Gauntlet)
  8 red draconians
  10 white draconians
  An eidolon (Zig:12)
  3 spark wasps (Depths:3)
  9 purple draconians
  9 deep elf death magi
  21 fire dragons
  A crystal guardian (Vaults:4)
  21 ettins
  7 merfolk javelineers
  2 green deaths
  2 iron golems (Zig:8)
  3 shambling mangroves (Zig:13)
  16 merfolk impalers
  19 yaktaur captains
  Snorg (D:12)
  18 great orbs of eyes
  A mummy priest (Zig:5)
  3 salamander tyrants (Snake:4)
  A spectral spriggan (Zig:12)
  Josephine (Snake:1)
  3 deep elf high priests
  14 hydras
  3 peacekeepers
  13 spriggan air magi
  38 vault guards
  3 ogre magi (Vaults:5)
  A hell beast (Zot:1)
  An alligator snapping turtle (Shoals:4)
  3 rakshasas
  8 anacondas
  A spectral tengu (Zig:12)
  A sphinx zombie (Vaults:3)
  14 centaur warriors
  3 alligators
  2 catoblepae
  12 ice dragons
  2 spriggan skeletons
  4 merfolk avatars
  4 two-headed ogres
  2 death knights (Vaults:2)
  An anaconda (shapeshifter) (Depths:4)
  11 dancing weapons
  14 ironbound frosthearts
  2 satyrs
  7 boulder beetles
  16 naga warriors
  6 merfolk aquamancers (Shoals:4)
  A death scarab (Zig:5)
  5 tengu warriors
  9 deep troll shamans
  23 death yaks
  4 orc high priests
  4 vampire magi
  13 spriggan berserkers
  9 deep troll earth magi
  3 naga sharpshooters
  4 shock serpents
  A spectral storm dragon (Zig:12)
  10 hell knights
  A crystal echidna (Zig:8)
  7 deep elf knights
  5 salamander mystics
  3 sixfirhies
  6 iron trolls
  5 skysharks
  A wretched star (WizLab)
  A goliath frog (Zig:13)
  A fire crab (Lair:5)
  3 orange crystal statues
  15 sea snakes
  3 skeletal warriors
  14 glowing orange brains
  Lodul (D:12)
  A spriggan druid (Zig:7)
  3 flayed ghosts (Depths:3)
  8 deep elf archers
  A deep troll (shapeshifter) (Depths:3)
  74 deep trolls
  5 swamp dragons
  2 spriggan simulacra (IceCv)
  6 phantasmal warriors (Vaults:5)
  3 naga ritualists
  2 shadow dragon zombies
  6 wizards
  17 ironbound convokers
  30 deep elf zephyrmancers
  7 necromancers
  5 shining eyes
  An obsidian statue (Zot:5)
  10 orc knights
  10 lindwurms
  2 will-o-the-wisps
  16 harpies
  13 fauns
  2 frost giant zombies
  31 deep elf pyromancers
  8 orc sorcerers
  31 ugly things
  14 salamanders
  20 manticores
  A faun (shapeshifter) (Vaults:5)
  2 mana vipers (Snake:4)
  An iron dragon zombie (D:15)
  3 cyclopes
  37 black mambas
  9 guardian serpents
  24 moths of wrath
  8 elephants (Lair:5)
  A frost giant skeleton (Zig:5)
  A stone giant skeleton (Vaults:5)
  A fire giant skeleton (Vaults:3)
  A torpor snail (Zig:7)
  A water nymph (shapeshifter) (Vaults:5)
  An ice statue (D:14)
  6 water nymphs
  6 eyes of devastation
  2 molten gargoyles (Lair:5)
  10 merfolk sirens
  An orange demon (Zot:4)
  2 apocalypse crabs (Zig:6)
  20 vault sentinels
  A cane toad (shapeshifter) (Vaults:5)
  Psyche (D:11)
  2 elf skeletons
  14 naga magi
  8 komodo dragons
  12 cane toads
  2 gargoyles
  2 hellions (Zig:12)
  An unseen horror (shapeshifter) (Depths:4)
  6 rime drakes
  An unseen horror (D:12)
  74 yaktaurs
  3 tengu conjurers
  3 freezing wraiths
  A human skeleton (Vaults:1)
  5 ice devils
  A hellwing (D:6)
  3 guardian mummies (Zig:5)
  10 trolls
  A bloated husk (Zig:10)
  2 tyrant leeches
  9 wind drakes
  41 merfolk
  Grinder (D:6)
  4 blink frogs
  6 hornets
  5 dream sheep (Lair:4)
  A blink frog (shapeshifter) (D:15)
  2 fire giant simulacra (Depths:1)
  14 snapping turtles
  An ettin zombie (Vaults:1)
  20 water elementals
  98 slime creatures
  5 wyverns
  3 spriggans
  5 wraiths
  A vampire (D:12)
  Eustachio (D:5)
  41 yaks
  17 golden eyes
  4 humans (D:12)
  4 starcursed masses (WizLab)
  2 air elementals
  A fire elemental (Elf:2)
  A hog (shapeshifter) (D:15)
  5 redbacks (Elf:1)
  An ushabti (Zig:5)
  2 hogs (D:12)
  8 basilisks
  A neqoxec (Gauntlet)
  14 vampire mosquitoes
  A minotaur simulacrum (IceCv)
  A chaos spawn (Zig:6)
  3 steam dragons
  5 wargs
  41 nagas
  2 acid dragons
  3 hell hounds (Lair:5)
  14 water moccasins
  5 floating eyes
  2 human zombies (Vaults:5)
  2 swamp drakes
  2 sky beasts
  An ettin simulacrum (Vaults:3)
  A black bear (shapeshifter) (Vaults:5)
  51 orc warriors
  2 black bears (D:6)
  23 ogres
  5 boggarts
  12 centaurs
  13 wolves
  2 elf zombies (Ossuary)
  3 phantoms (D:5)
  3 kobold brigands
  A gnoll sergeant (D:8)
  15 bullfrogs
  A deep troll simulacrum (IceCv)
  An earth elemental (Elf:2)
  18 wights
  9 killer bees (D:9)
  An electric eel (D:7)
  2 howler monkeys (D:12)
  4 lava snakes (Lair:5)
  A jelly (D:5)
  19 orc priests
  Ijyb (D:5)
  2 gnoll boudas
  2 iguanas (D:5)
  Natasha (twice) (D:2)
  22 orc wizards
  8 mummies
  15 gnolls
  14 adders
  2 ufetubi
  An adder zombie (Ossuary)
  2 worms
  6 dart slugs
  63 orcs
  5 ball pythons
  10 endoplasms
  11 giant cockroaches
  2 gnoll zombies (Ossuary)
  5 goblins
  9 hobgoblins
  7 kobolds
  9 quokkas
  3 bats
  7 frilled lizards
  A hobgoblin zombie (Ossuary)
  3 jackal zombies (Ossuary)
  2 kobold zombies (Ossuary)
  An orc zombie (Ossuary)
  A quokka zombie (D:8)
  7 rats
  A rat zombie (D:8)
  13 spectral weapons
  14 starspawn tentacles (WizLab)
2499 creatures vanquished.

Vanquished Creatures (others)
  A deep elf annihilator (Elf:3)
  A spark wasp (Depths:2)
  A hydra (Zig:10)
  A redback (Elf:1)
  2 hell hounds (Lair:5)
  2 orc wizards
  10 foxfires
  A lurking horror (Slime:1)
  50 spectral weapons
  9 starspawn tentacles (WizLab)
78 creatures vanquished.

Grand Total: 2577 creatures vanquished

Notes
Turn   | Place    | Note
-------+----------+-------------------------------------------
     0 | D:1      | foff the Ogre Monk began the quest for the Orb.
     0 | D:1      | Reached XP level 1. HP: 24/24 MP: 1/1
   103 | D:1      | Reached XP level 2. HP: 33/33 MP: 2/2
   310 | D:1      | Reached XP level 3. HP: 30/40 MP: 3/3
   793 | D:1      | Reached skill level 5 in Fighting
   919 | D:2      | Reached skill level 1 in Throwing
   919 | D:2      | Reached XP level 4. HP: 22/50 MP: 4/4
  1155 | D:2      | Noticed Natasha
  1162 | D:2      | Killed Natasha
  1595 | D:2      | Noticed Natasha
  1607 | D:2      | Killed Natasha
  1608 | D:2      | Reached XP level 5. HP: 14/59 MP: 5/5
  2127 | D:3      | Reached skill level 6 in Fighting
  2197 | D:3      | Reached XP level 6. HP: 63/67 MP: 6/6
  2222 | D:3      | Found a shimmering blue altar of Sif Muna.
  2407 | D:4      | Found an opulent altar of Gozag.
  2698 | D:4      | Found a glowing drain.
  2745 | Sewer    | Entered a sewer
  2910 | Sewer    | Reached XP level 7. HP: 76/76 MP: 7/7
  3065 | Sewer    | Reached skill level 7 in Fighting
  3071 | Sewer    | Reached skill level 5 in Maces & Flails
  3822 | D:4      | Found Cycuss's Assorted Antiques.
  3835 | D:4      | Bought a thick robe for 153 gold pieces
  3835 | D:4      | Identified the +0 robe "Vinaadik" {Str+3 Int-3 Dex+5} (You
                  | bought it in a shop on level 4 of the Dungeon)
  4056 | D:4      | Found an ancient bone altar of Kikubaaqudgha.
  4067 | D:4      | Got a moldy book
  4289 | D:5      | Entered Level 5 of the Dungeon
  4314 | D:5      | Noticed Ijyb
  4326 | D:5      | Killed Ijyb
  4333 | D:5      | Noticed Eustachio
  4814 | D:5      | Killed Eustachio
  4815 | D:5      | Reached skill level 1 in Evocations
  4815 | D:5      | Reached XP level 8. HP: 81/88 MP: 8/8
  4925 | D:5      | Reached skill level 8 in Fighting
  5337 | D:5      | Found a sparkling altar of Nemelex Xobeh.
  5375 | D:5      | Reached skill level 5 in Throwing
  5965 | D:6      | Reached skill level 9 in Fighting
  5965 | D:6      | Reached XP level 9. HP: 85/98 MP: 9/9
  6044 | D:6      | Noticed a hornet
  6047 | D:6      | Noticed Grinder
  6060 | D:6      | Killed a hornet
  6082 | D:6      | Killed Grinder
  6201 | D:6      | Found a blossoming altar of Fedhas.
  6922 | D:7      | Found a staircase to the Ecumenical Temple.
  6927 | Temple   | Entered the Ecumenical Temple
  6944 | Temple   | Became a worshipper of Warmaster Okawaru
  6944 | Temple   | Reached * piety under Okawaru
  6944 | Temple   | Reached ** piety under Okawaru
  7065 | D:7      | Found a bloodstained altar of Trog.
  7753 | D:8      | Identified 2 scrolls of acquirement
  7755 | D:8      | Acquired a +2 demon whip of flaming
  7772 | D:8      | Found a stormy altar of Qazlal.
  7774 | D:8      | Found a snail-covered altar of Cheibriados.
  7780 | D:8      | Found a shimmering altar of Xom.
  7783 | D:8      | Found a white marble altar of Elyvilon.
  7785 | D:8      | Found a basalt altar of Yredelemnul.
  7791 | D:8      | Reached skill level 10 in Fighting
  7791 | D:8      | Reached skill level 1 in Invocations
  7792 | D:8      | Found a sacrificial altar of Ru.
  7855 | D:8      | Reached skill level 1 in Armour
  7886 | D:8      | Found a sand-covered staircase.
  7894 | Ossuary  | Entered an ossuary
  8038 | Ossuary  | Reached XP level 10. HP: 94/108 MP: 11/11
  8181 | D:8      | Reached *** piety under Okawaru
  8264 | D:8      | Found a hazy altar of Hepliaklqana.
  8299 | D:8      | Found a radiant altar of Vehumet.
  8806 | D:9      | Noticed a boulder beetle
  8818 | D:9      | Killed a boulder beetle
  9124 | D:9      | Upgraded the game from 0.31-a0-836-g3ceb0a6 to
                  | 0.31-a0-844-gdc52ec4
  9294 | D:9      | Found a staircase to the Orcish Mines.
  9343 | D:9      | Reached **** piety under Okawaru
  9566 | D:9      | Reached skill level 11 in Fighting
  9723 | D:10     | Entered Level 10 of the Dungeon
 10206 | D:10     | Reached XP level 11. HP: 70/120 MP: 14/14
 10321 | D:10     | Found a staircase to the Lair.
 11062 | D:11     | Noticed Psyche
 11069 | D:11     | Killed Psyche
 11069 | D:11     | Reached ***** piety under Okawaru
 11070 | D:11     | Reached skill level 5 in Invocations
 11177 | D:11     | Noticed a red ugly thing
 11189 | D:11     | Killed a red ugly thing
 11223 | D:11     | Noticed a manticore
 11237 | D:11     | Killed a manticore
 11339 | D:11     | Received a gift from Okawaru
 11514 | D:12     | Noticed a boulder beetle
 11531 | D:12     | Killed a boulder beetle
 11673 | D:12     | Found a transporter.
 11674 | D:12     | Noticed Ozzieoiler's ghost (journeyman DrCA)
 11700 | D:12     | Noticed Snorg
 11708 | D:12     | Noticed a boulder beetle
 11709 | D:12     | Reached skill level 10 in Maces & Flails
 11709 | D:12     | Killed Snorg
 11709 | D:12     | Received a gift from Okawaru
 11737 | D:12     | Killed a boulder beetle
 11738 | D:12     | Reached XP level 12. HP: 111/132 MP: 16/16
 11788 | D:12     | Noticed Kirke
 11810 | D:12     | Noticed a sphinx
 11811 | D:12     | Killed Kirke
 11812 | D:12     | Reached skill level 5 in Armour
 11847 | D:12     | Noticed Lodul
 11852 | D:12     | Killed Lodul
 11852 | D:12     | Received a gift from Okawaru
 11923 | D:12     | Found a transporter.
 12165 | D:12     | Noticed a two-headed ogre
 12183 | D:12     | Killed a two-headed ogre
 12469 | D:12     | Noticed a tengu warrior
 12489 | D:12     | Killed a tengu warrior
 12489 | D:12     | Received a gift from Okawaru
 12549 | D:12     | Noticed a boulder beetle
 12569 | D:12     | Killed a boulder beetle
 12587 | D:12     | Reached XP level 13. HP: 103/139 MP: 19/19
 12752 | D:13     | Reached skill level 10 in Throwing
 12789 | D:13     | Received a gift from Okawaru
 12930 | D:13     | Noticed Frances
 13016 | D:13     | Killed Frances
 13054 | D:13     | Identified the +4 halberd of the Tent {venom, Dex+3}
 13237 | D:13     | Found a sacrificial altar of Ru.
 13448 | D:14     | Found a frozen archway.
 13448 | D:14     | Noticed an ice dragon
 13463 | D:13     | Acquired a +3 spectral giant spiked club
 13609 | D:14     | Reached skill level 12 in Fighting
 13656 | D:14     | Killed an ice dragon
 13684 | IceCv    | Entered an ice cave
 13937 | Lair:1   | Entered Level 1 of the Lair of Beasts
 14136 | Lair:1   | Received a gift from Okawaru
 14415 | Lair:1   | Reached XP level 14. HP: 146/150 MP: 21/21
 15059 | Lair:2   | Found a staircase to the Snake Pit.
 15476 | Lair:2   | Found a staircase to the Shoals.
 15629 | Lair:3   | Found a gate leading to a gauntlet.
 15638 | Gauntlet | Entered a Gauntlet
 15638 | Gauntlet | Found a transporter.
 15638 | Gauntlet | Found a transporter.
 15644 | Gauntlet | Found a transporter.
 15656 | Gauntlet | Found a transporter.
 15674 | Gauntlet | Found a transporter.
 15675 | Gauntlet | Found a transporter.
 15675 | Gauntlet | Found a transporter.
 15677 | Gauntlet | Found a transporter.
 15677 | Gauntlet | Found a transporter.
 15689 | Gauntlet | Found a transporter.
 15705 | Gauntlet | Found a transporter.
 15713 | Gauntlet | Found a runed translucent door.
 15715 | Gauntlet | Found a transporter.
 15717 | Gauntlet | Found a runed translucent door.
 15729 | Gauntlet | Found a transporter.
 15748 | Gauntlet | Found a transporter.
 15796 | Gauntlet | Reached skill level 10 in Invocations
 15813 | Gauntlet | Identified the amulet of Lutzul {Spirit Str+2}
 15819 | Gauntlet | Noticed a cacodemon
 15868 | Gauntlet | Killed a cacodemon
 15873 | Gauntlet | Gained mutation: You do not regenerate when monsters are
                  | visible. [a neqoxec]
 15964 | Gauntlet | Lost mutation: You do not regenerate when monsters are
                  | visible. [potion of mutation]
 15964 | Gauntlet | Gained mutation: You have supernaturally acute eyesight.
                  | (SInv) [potion of mutation]
 15964 | Gauntlet | Gained mutation: Your mind is acute. (Int +4, Str/Dex -1)
                  | [potion of mutation]
 16028 | Gauntlet | Identified the +11 longbow "Utiaxut" {speed, Fly rN+}
 16099 | Lair:3   | Received a gift from Okawaru
 16113 | Lair:3   | Reached skill level 13 in Fighting
 17241 | Lair:4   | Received a gift from Okawaru
 18019 | Lair:5   | Entered Level 5 of the Lair of Beasts
 18175 | Lair:5   | Reached ****** piety under Okawaru
 18180 | Lair:5   | Acquired the +10 morningstar "Eos" {elec, Halo rElec}
 18180 | Lair:5   | Received a gift from Okawaru
 18180 | Lair:5   | Found the +10 morningstar "Eos" {elec, Halo rElec}
 18186 | Lair:5   | Acquired the +0 gold dragon scales of Uskits {rPois rF+ rC+
                  | Int-5 Dex+6}
 18186 | Lair:5   | Received a gift from Okawaru
 18240 | Lair:5   | Found a staircase to the Slime Pits.
 18240 | Lair:5   | Found a viscous altar of Jiyva.
 18276 | Lair:5   | Reached XP level 15. HP: 86/162 MP: 23/23
 18291 | Lair:5   | Reached skill level 14 in Fighting
 18595 | Lair:5   | Got an engraved book
 18695 | Lair:5   | Reached skill level 15 in Maces & Flails
 18696 | Lair:5   | Received a gift from Okawaru
 18728 | Lair:5   | Found a large runed translucent door.
 18728 | Lair:5   | Found a large runed translucent door.
 20021 | Orc:1    | Entered Level 1 of the Orcish Mines
 20042 | Orc:1    | Received a gift from Okawaru
 20272 | Orc:2    | Entered Level 2 of the Orcish Mines
 20274 | Orc:2    | Found a staircase to the Elven Halls.
 20596 | Orc:2    | Noticed Saint Roka
 20818 | Orc:1    | Killed Saint Roka
 21137 | Orc:2    | Reached skill level 15 in Fighting
 21288 | Orc:2    | Found Esithriow's Weapon Boutique.
 21288 | Orc:2    | Found Ehaacije's Book Emporium.
 21290 | Orc:2    | Found Jotisoeff's Antique Armour Emporium.
 21290 | Orc:2    | Found Nuidghobb's Antique Armour Boutique.
 21302 | Orc:2    | Bought a throwing net for 48 gold pieces
 21304 | Orc:2    | Bought a hat for 156 gold pieces
 21972 | D:15     | Entered Level 15 of the Dungeon
 21986 | D:15     | Found a staircase to the Depths.
 22254 | D:15     | Received a gift from Okawaru
 22255 | D:15     | Reached XP level 16. HP: 106/176 MP: 24/24
 22418 | D:14     | Reached skill level 10 in Armour
 23015 | D:14     | Found a gate to the Vaults.
 23405 | Depths:1 | Entered Level 1 of the Depths
 23405 | Depths:1 | Found a gateway to Hell.
 23420 | D:15     | Received a gift from Okawaru
 23692 | Depths:1 | Noticed a lich
 23800 | D:15     | Killed a lich
 24097 | Depths:1 | Reached skill level 16 in Fighting
 24282 | Depths:1 | Received a gift from Okawaru
 24298 | Depths:1 | Found a bloodstained altar of Trog.
 24547 | Depths:1 | Identified the +9 long sword "Evuohosch" {speed, rCorr MP+9
                  | Str+6 Int-2}
 24905 | Depths:2 | Noticed a golden dragon
 24906 | Depths:2 | Noticed a lich
 24911 | Depths:2 | Killed a golden dragon
 24914 | Depths:2 | Killed a lich
 24915 | Depths:2 | Reached XP level 17. HP: 153/188 MP: 23/25
 25069 | Depths:2 | Found a one-way gateway to a ziggurat.
 25281 | Depths:2 | Noticed a titan
 25285 | Depths:2 | Killed a titan
 25642 | Depths:2 | Found a one-way gate leading to the halls of Pandemonium.
 25642 | Depths:2 | Noticed a lich
 25647 | Depths:2 | Killed a lich
 25683 | Depths:2 | Received a gift from Okawaru
 25713 | Depths:2 | Reached skill level 17 in Fighting
 25851 | Depths:2 | Identified the ring "Ygiu" {*Slow rElec rPois Slay+4
                  | Stlth+}
 26035 | Depths:2 | Noticed a lich
 26042 | Depths:2 | Killed a lich
 26137 | Depths:2 | Identified the ring of the Saviour {rN+ Int+3 Dex+2}
 26373 | Depths:2 | Noticed a walking earthen tome
 26373 | Depths:2 | Noticed a juggernaut
 26382 | Depths:2 | Killed a juggernaut
 26388 | Depths:2 | Killed a walking earthen tome
 26401 | Depths:2 | Acquired the ring of Yredelemnul's Esteem {rC+ rN+}
 26447 | Depths:2 | Identified the ring of the Morning {rC- AC+4 Dex+5}
 26596 | Depths:2 | Identified the ring of Darkness {Str+4 Slay+4}
 26605 | Depths:2 | Received a gift from Okawaru
 26621 | Depths:2 | Found a transporter.
 26621 | Depths:2 | Noticed a walking divine tome
 26625 | Depths:2 | Killed a walking divine tome
 26753 | Depths:2 | Identified the +9 halberd "Arbiter" {venom, Str+5}
 26775 | Depths:2 | Noticed a lich
 26783 | Depths:2 | Killed a lich
 26976 | Depths:2 | Found a one-way gate to the infinite horrors of the Abyss.
 26979 | Depths:2 | Reached XP level 18. HP: 174/202 MP: 26/26
 27061 | Depths:2 | Found a transporter.
 27210 | Depths:3 | Noticed a tentacled monstrosity
 27414 | Depths:3 | Killed a tentacled monstrosity
 27434 | Depths:3 | Received a gift from Okawaru
 27435 | Depths:3 | HP: 2/202 [spriggan air mage/bolt of lightning (46)]
 27816 | Depths:3 | Noticed a lich
 27821 | Depths:3 | Reached skill level 18 in Fighting
 27828 | Depths:3 | Killed a lich
 28757 | Depths:3 | Received a gift from Okawaru
 28772 | Depths:3 | Noticed a golden dragon
 28907 | Depths:3 | Killed a golden dragon
 29058 | Depths:3 | Noticed a golden dragon
 29059 | Depths:3 | Noticed a walking frostbound tome
 29069 | Depths:3 | Killed a golden dragon
 29069 | Depths:3 | Killed a walking frostbound tome
 29071 | Depths:3 | Found a bloodstained altar of Trog.
 29122 | Depths:3 | Noticed a lich
 29129 | Depths:3 | Killed a lich
 29215 | Depths:3 | Noticed a lich
 29224 | Depths:3 | Killed a lich
 29254 | Depths:3 | Noticed a golden dragon
 29260 | Depths:3 | Killed a golden dragon
 29260 | Depths:3 | Received a gift from Okawaru
 29272 | Depths:3 | Reached XP level 19. HP: 91/214 MP: 24/27
 29622 | Depths:3 | Noticed a tentacled monstrosity
 29626 | Depths:3 | Killed a tentacled monstrosity
 30032 | Depths:3 | Reached skill level 19 in Fighting
 30307 | Depths:3 | Noticed a golden dragon
 30311 | Depths:3 | Killed a golden dragon
 30419 | Depths:3 | Got a fusty book
 30518 | Depths:3 | Received a gift from Okawaru
 30685 | Arena    | Entered the Arena
 31154 | Depths:3 | Identified the amulet "Qecez" {Reflect Dex+2 SH+5}
 31157 | Depths:3 | Identified the ring of Discord {Fire rPois Int+4 Dex-5}
 31648 | Depths:3 | Identified the +4 plate armour "Biuj" {Rampage}
 31648 | Depths:3 | Identified the ring "Juzug" {rC+ rN+ Will+ Dex-5}
 31775 | Depths:3 | Found a runed translucent door.
 31775 | Depths:3 | Found a runed translucent door.
 31805 | Depths:3 | Noticed a golden dragon
 31808 | Depths:3 | Noticed a tentacled monstrosity
 31821 | Depths:3 | Killed a tentacled monstrosity
 31826 | Depths:3 | Noticed a juggernaut
 31829 | Depths:3 | Killed a juggernaut
 31831 | Depths:3 | Killed a golden dragon
 31858 | Depths:3 | Identified the quicksilver dragon scales of the Chewing
                  | Gods {+Blink rC+ Will+ Int-3}
 31889 | Depths:3 | Identified the amulet of Newu {RegenMP MP+9 Slay+3}
 32059 | Depths:4 | Entered Level 4 of the Depths
 32120 | Depths:4 | Reached skill level 15 in Throwing
 32257 | Depths:4 | Reached XP level 20. HP: 183/228 MP: 28/28
 32530 | Depths:4 | Found a gate to the Realm of Zot.
 32652 | Depths:4 | Reached skill level 20 in Fighting
 33023 | Depths:4 | Noticed a juggernaut
 33029 | Depths:4 | Killed a juggernaut
 33223 | Depths:4 | Upgraded the game from 0.31-a0-844-gdc52ec4 to
                  | 0.31-a0-845-g9abc20d
 33248 | Depths:4 | Received a gift from Okawaru
 33514 | Snake:1  | Entered Level 1 of the Snake Pit
 33991 | Snake:1  | Noticed Josephine
 33997 | Snake:1  | Killed Josephine
 34403 | Snake:2  | Noticed Asterion
 34637 | Snake:2  | Killed Asterion
 34637 | Snake:2  | Received a gift from Okawaru
 34882 | Snake:3  | Found the +5 robe of Night {Dark Will+ SInv}
 34886 | Snake:3  | Found a hazy altar of Hepliaklqana.
 35270 | Snake:3  | Identified the +6 war axe of Enkuedgh {drain, Contam *Noise
                  | rF++ rCorr}
 35673 | Snake:4  | Entered Level 4 of the Snake Pit
 35816 | Snake:4  | Reached XP level 21. HP: 166/240 MP: 23/29
 36049 | Snake:4  | Reached skill level 21 in Fighting
 36176 | Snake:4  | Got a serpentine rune of Zot
 36272 | Snake:4  | Found a transporter.
 36272 | Snake:4  | Noticed gorushi's ghost (adept GrEE)
 36300 | Snake:4  | Identified the ring "Mac Uwk" {Wiz Str+2}
 36311 | Snake:4  | Found a transporter.
 36581 | Snake:4  | Killed gorushi's ghost
 36596 | Snake:4  | Identified the +0 pair of boots "Raraatri" {Dex+4}
 36930 | D:3      | Identified the scarf of Yredelemnul, Hurtling {shadows,
                  | Dex+3}
 37101 | Elf:1    | Entered Level 1 of the Elven Halls
 38169 | Elf:2    | Found Uqyuff's Armour Shop.
 38270 | Elf:2    | Found an ancient bone altar of Kikubaaqudgha.
 38522 | Elf:2    | Found a huge runed translucent gate.
 38522 | Elf:2    | Found a huge runed translucent gate.
 38522 | Elf:2    | Found a huge runed translucent gate.
 38522 | Elf:2    | Found a huge runed translucent gate.
 38523 | Elf:2    | Found a huge runed translucent gate.
 38782 | Elf:3    | Entered Level 3 of the Elven Halls
 38788 | Elf:3    | Received a gift from Okawaru
 38809 | Elf:3    | Paralysed by an air elemental for 1 turns
 38979 | Elf:3    | Found Puocysap's Armour Emporium.
 39499 | Elf:3    | Identified the ring of Beywuomu {Will+ Int+4 Slay+3 SInv
                  | Stlth+}
 39751 | Elf:3    | Identified the ring "Otseeh Povai" {*Slow rPois rF+ Dex+9
                  | Slay-6}
 39852 | Elf:3    | Identified the ring of New Discoveries {rC+ Will+ Str+3
                  | Slay+2}
 39875 | Elf:3    | Reached skill level 22 in Fighting
 40142 | Elf:3    | Reached XP level 22. HP: 254/254 MP: 30/30
 40308 | Elf:3    | Identified the +6 mace "Usuol" {holy, Str+4 Int+4 Stlth+}
 40466 | Elf:3    | Identified the +7 scale mail "Fefi" {*Corrode rElec rPois
                  | Dex+3}
 40467 | Elf:3    | Identified the +3 scale mail of Rixzeif {*Slow Fly rF-
                  | Regen+ Slay+5}
 40468 | Elf:3    | Identified the +4 quarterstaff of Causality {venom, rC++
                  | rN++}
 40468 | Elf:3    | Identified the amulet of Laotaro {RegenMP Stlth+}
 40469 | Elf:3    | Identified the ring "Ymmeix" {Fire *Slow rPois rN+}
 40865 | Zig:1    | Entered Level 1 of a ziggurat
 40887 | Zig:2    | Entered Level 2 of a ziggurat
 40897 | Arena    | Entered the Arena
 40939 | Zig:2    | Identified the +7 scimitar of Mits {heavy, rF- Will++
                  | Dex+3}
 41072 | Zig:3    | Entered Level 3 of a ziggurat
 41090 | Zig:3    | Reached skill level 5 in Dodging
 41090 | Zig:3    | Reached XP level 23. HP: 237/245 MP: 31/31
 41099 | Zig:4    | Entered Level 4 of a ziggurat
 41115 | Zig:4    | Reached skill level 15 in Armour
 41132 | Zig:4    | Identified the ring of Miracles {Drain Str+3 Int+6 Dex+2
                  | SInv}
 41156 | Zig:5    | Entered Level 5 of a ziggurat
 41204 | Zig:5    | Got an upside-down book
 41211 | Zig:6    | Entered Level 6 of a ziggurat
 41215 | Zig:6    | Noticed a Killer Klown
 41216 | Zig:6    | Noticed a Killer Klown
 41216 | Zig:6    | Noticed a Killer Klown
 41226 | Zig:6    | Killed a Killer Klown
 41232 | Zig:6    | Killed a Killer Klown
 41238 | Zig:6    | Killed a Killer Klown
 41260 | Zig:6    | Identified the staff "Myfaudybu" {Str+3 Stlth+ Conj}
 41269 | Zig:6    | Got a moldy book
 41272 | Zig:6    | Identified the +5 dagger "Juinwu Loole" {antimagic, Drain
                  | rElec rF- Str+8}
 41284 | Zig:7    | Entered Level 7 of a ziggurat
 41290 | Zig:7    | Noticed a caustic shrike
 41295 | Zig:7    | Killed a caustic shrike
 41341 | Zig:7    | Identified the ring of Xom's Condemnation {+Blink rF+ SInv
                  | Stlth+}
 41344 | Zig:7    | Got an uncut book
 41356 | Zig:8    | Entered Level 8 of a ziggurat
 41366 | Zig:8    | Noticed a caustic shrike
 41368 | Zig:8    | Noticed a caustic shrike
 41377 | Zig:8    | Killed a caustic shrike
 41379 | Zig:8    | Killed a caustic shrike
 41512 | Zig:9    | Entered Level 9 of a ziggurat
 41626 | Zig:9    | Identified the +7 quarterstaff of Doomed Optimality
                  | {freeze, MP+9 Int+6}
 41655 | Zig:9    | Identified the +0 cloak "Fiwirus" {rPois Str+2}
 41671 | Zig:10   | Entered Level 10 of a ziggurat
 41722 | Zig:10   | Reached XP level 24. HP: 254/275 MP: 31/31
 41740 | Zig:11   | Entered Level 11 of a ziggurat
 41855 | Zig:12   | Entered Level 12 of a ziggurat
 41869 | Zig:12   | Noticed a dread lich
 41877 | Zig:12   | Killed a dread lich
 41892 | Zig:12   | Received a gift from Okawaru
 41893 | Zig:12   | Reached skill level 23 in Fighting
 41915 | Zig:12   | Found the +4 robe of Folly {Brill Will-∞ Int+8}
 41940 | Zig:12   | Identified the +4 arbalest "Xaebuyla" {heavy, rCorr Int+4}
 41965 | Zig:13   | Entered Level 13 of a ziggurat
 42020 | Zig:13   | Reached XP level 25. HP: 97/287 MP: 27/31
 42130 | Zig:13   | Reached skill level 24 in Fighting
 42130 | Zig:13   | Reached XP level 26. HP: 245/302 MP: 31/31
 42480 | Slime:1  | Entered Level 1 of the Pits of Slime
 42504 | Slime:1  | Paralysed by a formless jellyfish for 1 turns
 42587 | Slime:1  | Found a corrupted altar of Lugonu.
 43177 | Slime:2  | You fall into a shaft and drop 2 floors!
 43252 | Slime:5  | Entered Level 5 of the Pits of Slime
 43254 | Slime:5  | Received a gift from Okawaru
 43255 | Slime:5  | Reached skill level 25 in Fighting
 43371 | Slime:5  | Noticed the Royal Jelly
 43383 | Slime:5  | Killed the Royal Jelly
 43458 | Slime:5  | Identified the +7 short sword of Dismemberment {venom, rF++
                  | Dex+3}
 43489 | Slime:5  | Gained mutation: You are occasionally teleported next to
                  | monsters. [a shining eye]
 43489 | Slime:5  | Gained mutation: You have hidden genetic defects. [a
                  | shining eye]
 43510 | Slime:5  | Paralysed by a formless jellyfish for 1 turns
 43547 | Slime:5  | Identified the ring "Syri Fat" {Fly Int+3}
 43594 | Slime:5  | Identified the +7 long sword "Xadwuudi" {heavy, rElec rF+++
                  | rC-}
 43596 | Slime:5  | Got a slimy rune of Zot
 43598 | Slime:5  | Identified the +0 robe "Qupeirph" {Harm +Inv Int-3 Stlth+}
 43705 | Slime:5  | Identified the +0 morningstar of Fear {spect, rC+}
 44505 | Slime:2  | Gained mutation: Your magical capacity is low. (-10% MP) [a
                  | shining eye]
 44679 | D:10     | Lost mutation: Your mind is acute. (Int +4, Str/Dex -1)
                  | [potion of mutation]
 44679 | D:10     | Lost mutation: Your magical capacity is low. (-10% MP)
                  | [potion of mutation]
 44679 | D:10     | Lost mutation: You have supernaturally acute eyesight.
                  | (SInv) [potion of mutation]
 44679 | D:10     | Gained mutation: Your muscles are strong. (Str +4, Int/Dex
                  | -1) [potion of mutation]
 44679 | D:10     | Gained mutation: You have a pair of small horns on your
                  | head. [potion of mutation]
 44679 | D:10     | Gained mutation: Your mind is acute. (Int +4, Str/Dex -1)
                  | [potion of mutation]
 44680 | D:10     | Lost mutation: Your mind is acute. (Int +4, Str/Dex -1)
                  | [potion of mutation]
 44680 | D:10     | Lost mutation: You have a pair of small horns on your head.
                  | [potion of mutation]
 44680 | D:10     | Lost mutation: You are occasionally teleported next to
                  | monsters. [potion of mutation]
 44680 | D:10     | Gained mutation: You occasionally lose the ability to read
                  | scrolls when taking damage. [potion of mutation]
 44680 | D:10     | Gained mutation: You sometimes lose the ability to read
                  | scrolls when taking damage. [potion of mutation]
 44681 | D:10     | Lost mutation: You have hidden genetic defects. [potion of
                  | mutation]
 44681 | D:10     | Lost mutation: Your muscles are strong. (Str +4, Int/Dex
                  | -1) [potion of mutation]
 44681 | D:10     | Gained mutation: You are agile. (Dex +4, Str/Int -1)
                  | [potion of mutation]
 44681 | D:10     | Gained mutation: You have a pair of small antennae on your
                  | head. [potion of mutation]
 44682 | D:10     | Lost mutation: You have a pair of small antennae on your
                  | head. [potion of mutation]
 44682 | D:10     | Lost mutation: You are agile. (Dex +4, Str/Int -1) [potion
                  | of mutation]
 44682 | D:10     | Gained mutation: You expend magic power (3 MP) to
                  | strengthen your wands. [potion of mutation]
 44682 | D:10     | Gained mutation: You are weak. (Str -2) [potion of
                  | mutation]
 44682 | D:10     | Gained mutation: You are partially covered in iridescent
                  | scales. (AC +2) [potion of mutation]
 44683 | D:10     | Lost mutation: You expend magic power (3 MP) to strengthen
                  | your wands. [potion of mutation]
 44683 | D:10     | Lost mutation: You sometimes lose the ability to read
                  | scrolls when taking damage. [potion of mutation]
 44683 | D:10     | Gained mutation: You are covered in fur. (AC +1) [potion of
                  | mutation]
 44683 | D:10     | Gained mutation: Your flesh is heat resistant. (rF+)
                  | [potion of mutation]
 44683 | D:10     | Gained mutation: Your magical capacity is low. (-10% MP)
                  | [potion of mutation]
 44740 | Shoals:1 | Entered Level 1 of the Shoals
 44784 | Shoals:1 | Found Konirchee's Assorted Antiques.
 44796 | Shoals:1 | Bought a condenser vane for 1400 gold pieces
 44796 | Shoals:1 | Bought a scroll of teleportation for 105 gold pieces
 44874 | Shoals:1 | Reached skill level 26 in Fighting
 44954 | Shoals:1 | Received a gift from Okawaru
 45011 | Shoals:1 | Found Mamoomot's Jewellery Emporium.
 45254 | Shoals:1 | Lost mutation: You occasionally lose the ability to read
                  | scrolls when taking damage. [potion of mutation]
 45254 | Shoals:1 | Lost mutation: You are weak. (Str -2) [potion of mutation]
 45254 | Shoals:1 | Lost mutation: Your flesh is heat resistant. (rF+) [potion
                  | of mutation]
 45254 | Shoals:1 | Gained mutation: Your muscles are strong. (Str +4, Int/Dex
                  | -1) [potion of mutation]
 45263 | Shoals:1 | Found Culeoqi's Magic Scroll Shop.
 45271 | Shoals:1 | Bought a scroll of revelation for 90 gold pieces
 45333 | Shoals:2 | Noticed Donald
 45340 | Shoals:2 | Killed Donald
 45379 | Shoals:2 | Noticed Ilsuiw
 45411 | Shoals:2 | Killed Ilsuiw
 46259 | Shoals:4 | Entered Level 4 of the Shoals
 46382 | Shoals:4 | Reached XP level 27. HP: 283/319 MP: 29/29
 46392 | Shoals:4 | Noticed Mlioglotl
 46401 | Shoals:4 | Killed Mlioglotl
 46702 | Shoals:4 | Found Kieqedij's CLEARANCE SALE!.
 46959 | Shoals:4 | Received a gift from Okawaru
 47036 | Shoals:4 | Got a barnacled rune of Zot
 47068 | Shoals:4 | Identified the ring "Aveag" {*Corrode Fly rPois rC++}
 47139 | Shoals:4 | Reached skill level 27 in Fighting
 47394 | Vaults:1 | Entered Level 1 of the Vaults
 47407 | Vaults:1 | Found Uryfoh's Magic Scroll Boutique.
 47421 | Vaults:1 | Bought a scroll of enchant armour for 150 gold pieces
 47421 | Vaults:1 | Bought a scroll of enchant weapon for 150 gold pieces
 47421 | Vaults:1 | Bought a scroll of teleportation for 60 gold pieces
 47421 | Vaults:1 | Bought a scroll of teleportation for 60 gold pieces
 47421 | Vaults:1 | Bought a scroll of immolation for 80 gold pieces
 47923 | Vaults:1 | Reached skill level 1 in Shapeshifting
 48583 | Vaults:2 | Received a gift from Okawaru
 48584 | Vaults:2 | Reached skill level 5 in Shapeshifting
 48788 | Vaults:2 | Identified the +10 flail "Bitoxoc" {freeze, rF+}
 49343 | Vaults:2 | Found a staircase to the Crypt.
 49478 | Vaults:2 | Received a gift from Okawaru
 49961 | Vaults:3 | Reached skill level 10 in Shapeshifting
 50448 | Vaults:3 | You fall into a shaft and drop 1 floor!
 50487 | Vaults:4 | Received a gift from Okawaru
 50566 | Vaults:4 | Found a magical portal.
 50575 | WizLab   | Entered Lehudib's Moon Base
 50620 | WizLab   | Found a transporter.
 50796 | WizLab   | Received a gift from Okawaru
 51123 | WizLab   | Found a transporter.
 51420 | WizLab   | Identified the ring "Gevvunk" {rF++ rC+ Will+ Str+3 Dex-4}
 51500 | WizLab   | Identified the ring of Xom's Amusement {rPois Will+ Dex+3
                  | Slay-5}
 51507 | WizLab   | Identified the amulet "Rosmuot" {Reflect Str+2 SH+5 Stlth+}
 51713 | Vaults:4 | Reached skill level 15 in Shapeshifting
 52744 | Vaults:3 | Paralysed by a formless jellyfish for 1 turns
 53320 | Arena    | Entered the Arena
 53323 | Arena    | Received a gift from Okawaru
 53484 | Vaults:4 | Noticed a dread lich
 53521 | Vaults:4 | Killed a dread lich
 53616 | Vaults:4 | Identified the +1 pair of gloves of Cowardice {rCorr Int+2}
 53681 | Vaults:4 | Found the +11 plutonium sword {Contam Stlth-}
 53967 | Vaults:4 | Found a portal to a secret trove of treasure.
 54023 | Vaults:4 | Received a gift from Okawaru
 54029 | Vaults:4 | Paralysed by a formless jellyfish for 1 turns
 54400 | Vaults:4 | You paid a toll of 16 potions of curing to enter a treasure
                  | trove
 54401 | Trove    | Entered a treasure trove
 54429 | Trove    | Identified the scarf of the Skies Above {harm, *Corrode rC+
                  | Int+4}
 54430 | Trove    | Identified the ring "Piystugu" {Fire Int+2}
 54433 | Trove    | Identified the ring of Absolutism {rC+ Will+ Str+3 Int+4}
 54450 | Trove    | Identified the ring of Foolhardiness {rPois rC+}
 54452 | Trove    | Identified the amulet of Disaster {Spirit Dex+2 Stlth+}
 54455 | Trove    | Identified the +1 cloak of the Trees {Str+2 Dex+3 SInv}
 54519 | Vaults:5 | Entered Level 5 of the Vaults
 54969 | Vaults:5 | Noticed Sojobo
 54993 | Vaults:5 | Killed Sojobo
 55029 | Vaults:5 | Received a gift from Okawaru
 55254 | Vaults:5 | Acquired the ring "Hapt" {rPois rF+ Will++ rCorr Dex-4}
 55497 | Vaults:5 | Noticed a dread lich
 55514 | Vaults:5 | Killed a dread lich
 55726 | Vaults:5 | Noticed an ancient lich
 55727 | Vaults:5 | Noticed a dread lich
 55733 | Vaults:5 | Killed an ancient lich
 55733 | Vaults:5 | Killed a dread lich
 55808 | Vaults:5 | Identified the +3 orcbow of Ihaficoz {antimagic, Contam Fly
                  | Str+5}
 55808 | Vaults:5 | Identified the ring of Res Nullius {+Blink rElec Int+6
                  | Slay+3}
 55838 | Vaults:5 | Received a gift from Okawaru
 55853 | Vaults:5 | Noticed Boris
 55857 | Vaults:5 | Killed Boris
 55890 | Vaults:5 | Acquired a manual of Evocations
 55913 | Vaults:5 | Got an engraved book
 55915 | Vaults:5 | Identified the amulet of Muossezu {Acrobat rC- MP+9 Int+2
                  | SInv}
 56150 | Vaults:5 | Got a silver rune of Zot
 56237 | Vaults:5 | Identified the amulet of Uvieschu {Rampage Regen+ Dex+2}
 56450 | Vaults:5 | Identified the ring of Fexy {AC+4 Str+5 Int-5}
 56780 | Zot:1    | Entered Level 1 of the Realm of Zot
 56968 | Arena    | Entered the Arena
 57675 | Vaults:5 | Noticed Margery
 57679 | Vaults:5 | Killed Margery
 58098 | Zot:1    | Received a gift from Okawaru
 58387 | Zot:1    | Noticed Vv
 58401 | Zot:1    | Killed Vv
 58429 | Zot:2    | Noticed an orb of fire
 58435 | Zot:2    | Killed an orb of fire
 58786 | Zot:2    | You fall into a shaft and drop 1 floor!
 58829 | Zot:3    | Received a gift from Okawaru
 58965 | Zot:3    | Noticed a dread lich
 58973 | Zot:3    | Killed a dread lich
 59357 | Zot:5    | Entered Level 5 of the Realm of Zot
 59720 | Zot:5    | Received a gift from Okawaru
 59841 | Zot:5    | Noticed a dread lich
 59843 | Zot:5    | Killed a dread lich
 59860 | Zot:5    | Noticed an orb of fire
 59864 | Zot:5    | Killed an orb of fire
 59871 | Zot:5    | Noticed an orb of fire
 59875 | Zot:5    | Killed an orb of fire
 59880 | Zot:5    | Received a gift from Okawaru
 59885 | Zot:5    | Noticed an orb of fire
 59890 | Zot:5    | Killed an orb of fire
 59910 | Zot:5    | Noticed a dread lich
 59914 | Zot:5    | Killed a dread lich
 59923 | Zot:5    | Noticed a dread lich
 59926 | Zot:5    | Killed a dread lich
 60097 | Zot:5    | Identified the +3 halberd of Terra Cotta {freeze, rC+
                  | Str+4}
 60122 | Zot:5    | Identified the +4 long sword of Coddogoe {freeze, rC-
                  | Int+5}
 60281 | Zot:5    | Received a gift from Okawaru
 60667 | Zot:5    | Got the Orb of Zot
 60859 | Depths:2 | Noticed a seraph
 60868 | Depths:2 | Killed a seraph
 61212 | D:2      | Noticed Natasha
 61259 | D:$      | Escaped with the Orb!

Illustrated notes

Levels and vault maps discovered:
D:1:      ncdulo_halloftheorcs, layout_basic
D:2:      layout_rooms, kennysheep_generic_room_3, uniq_natasha
D:3:      layout_rooms, nicolae_sif_muna_condensation,
          hangedman_abyss_or_decor_lesser_grid, due_unseen_surprise
D:4:      layout_gridville, kiku_gazebo_pond_becter, grunt_gozag_breadcrumbs,
          portal_sewer_entry_b, serial_shops, nicolae_shop_getting_attention,
          chequers_decorated_corner
D:5:      layout_basic, nemelex_dance_club_becter, serial_corexii_hall,
          chequers_hall_statues_corner_a, corexii_hall_statues_t,
          minmay_misc_feat_tower, uniq_eustachio, uniq_ijyb
D:6:      layout_loops_cross, fedhas_ov_isle_minmay, roderic_serpentine_path,
          uniq_grinder
D:7:      layout_basic, lemuel_tele_altar, minmay_temple_entry_sparse_star,
          serial_bayou_lake_a
D:8:      layout_rooms, kennysheep_mini_moat,
          nicolae_overflow_hallway_of_the_gods, fiery_altar_vehumet,
          enter_ossuary_4
D:9:      lemuel_ice_spiral_2, layout_basic, erik_orc_1, minmay_liquid_box,
          nzn_sisyphean_effort
D:10:     layout_stronghold, lair_entry_dummy
D:11:     layout_roguey, minmay_misc_feat_encased, uniq_psyche
D:12:     minmay_slanted_spiral_squares, layout_loops_ring,
          gammafunk_ghost_hive, nicolae_underground_beach, uniq_snorg,
          uniq_lodul, uniq_kirke
D:13:     layout_rooms, nicolae_ru_the_path_less_chosen, uniq_frances
D:14:     layout_loops_ring, hangedman_vaults_entry_quadrant_bands,
          portal_ice_cave_entry_ice_statue_two
D:15:     gammafunk_depths_entry_grave, layout_rooms, serial_park_square2,
          minmay_misc_feat_pillars
Temple:   nicolae_temple_ecumenical_triangle
Lair:1:   layout_regular_city
Lair:2:   layout_long_grid, minmay_shoals_entry_hut, dummy_snake_entry
Lair:3:   layout_loops_ring, gauntlet_entry_generic
Lair:4:   beast_lair_carwin_large_4, layout_cave_pods, grunt_megastairs_4,
          serial_bayou_shore_b, lemuel_fruit_fields
Lair:5:   cheibrodos_lair_end_hotspot, layout_gridlike, slime_entry_1,
          chequers_serial_rivers_micro_c
Shoals:1: layout_shoals, serial_shops, nicolae_shop_waterfront, shop, shop
Shoals:2: layout_shoals, uniq_donald, uniq_ilsuiw
Shoals:3: layout_shoals
Shoals:4: shoals_end_simple, layout_shoals, abandoned_shop,
          nicolae_shop_clearance, uniq_mlioglotl
Snake:1:  layout_grid_maze, nicolae_snake_gridmaze_entwining, st_stairs_9,
          uniq_josephine
Snake:2:  layout_rooms, nicolae_twisty_statue_hallways, uniq_asterion
Snake:3:  layout_honeycomb, basic_altar, grunt_ministairs_14,
          nrook_guardian_serpent_ordinary
Snake:4:  minmay_snake_end_coiled, layout_cave_town, gammafunk_ghost_arena
Slime:1:  layout_caves, amcnicky_altar_lugonu_corruption
Slime:2:  layout_caves
Slime:3:  layout_caves, nicolae_slime_rock_hall_of_fame
Slime:4:  layout_caves
Slime:5:  slime_pit_nicolae_amoeboid
Orc:1:    layout_caves, basic_altar
Orc:2:    grunt_orc_tribal_feast, layout_diamond_mine, uniq_saint_roka
Elf:1:    eino_elf_arrival_sip, layout_loops_corners, minmay_elf_sorcery,
          drop_trap
Elf:2:    elven_hall_of_blades_hangedman_alternative
          [infiniplex_blade_entry_pillars], layout_geoelf_diagonals,
          basic_altar, serial_shops, nicolae_shop_mannequins,
          hangedman_elven_crosses_minicolossus, uniq_aizul
Elf:3:    elf_hall, layout_geoelf_octagon, serial_shops, shop, wad_dig_loot,
          grunt_megastairs_5
Vaults:1: v_alt_pattern_5, hangedman_vaults_corner_blocks, v_misc_2,
          ontoclasm_vaults_hangar, nicolae_vaults_closet_pinwheel_6,
          nicolae_vaults_bisected_exclaves, nicolae_vaults_tetromino_T_1,
          nicolae_vaults_more_shelving_1, layout_vaults_omnigrid, serial_shops,
          nicolae_shop_stone
Vaults:2: blue_anna_dwarven_crypt, vaults_mumra_chevron_long,
          nicolae_vaults_border_crossing, ontoclasm_vaults_twist,
          nicolae_vaults_weapon_check, nicolae_vaults_apartment_1,
          nicolae_vaults_tetromino_T_1, nicolae_vaults_ninety_degrees,
          nicolae_vaults_shelves_hall, nicolae_vaults_hallways_thing, v_rooms_4,
          nicolae_vaults_windows_and_doors_thing, ontoclasm_vaults_chip,
          layout_vaults_chaotic_city
Vaults:3: nicolae_vaults_storage_room_glass, vaults_standard_mumra_lines,
          nicolae_vaults_offset_grid_hallway_3, vaults_room_semicircle,
          nicolae_vaults_storage_room_statues, nicolae_vaults_big_ls,
          nicolae_vaults_fighting_squares, nicolae_vaults_storage_room_doors,
          nicolae_vaults_circle_grid_a, ontoclasm_vaults_pinch,
          nicolae_vaults_angled_halls, layout_vaults_maze_snakey
Vaults:4: mu_enter_wizlab_5, hangedman_vaults_capsules,
          nicolae_vaults_trapezoid_lopsided_3, v_misc_30,
          hangedman_vaults_locks, nicolae_vaults_branching_niches,
          nicolae_vaults_apartment_1, vaults_standard_mumra_enter_the_diamond,
          v_misc_15, vaults_standard_mumra_enter_the_diamond, v_misc_1,
          v_misc_22, layout_vaults_omnibox, enter_trove_6
Vaults:5: uniq_boris, uniq_sojobo, uniq_margery
Depths:1: layout_cave_pools, hell_entry, nicolae_water_bricks, bloody_trog
Depths:2: hangedman_spin_cycle, hell_entry, abyss_entry, serial_shops, pan_entry
Depths:3: minmay_the_grid_ultimate [minmay_the_grid_prize_diamond_cup,
          minmay_the_grid_prize_big_room,
          minmay_the_grid_prize_four_corners_diamond_a,
          minmay_the_grid_prize_shrinking_boxes,
          minmay_the_grid_square_5x5_lines,
          minmay_the_grid_square_5x5_gyroscope,
          minmay_the_grid_square_5x5_forky,
          minmay_the_grid_square_5x5_six_small,
          minmay_the_grid_square_5x5_shuriken, minmay_the_grid_square_5x5_tie,
          minmay_the_grid_square_5x5_slash, minmay_the_grid_square_5x5_fat_x,
          minmay_the_grid_square_5x5_percent,
          minmay_the_grid_square_5x5_three_small,
          minmay_the_grid_square_5x5_checkered,
          minmay_the_grid_square_5x5_broken_cross,
          minmay_the_grid_square_5x5_six,
          minmay_the_grid_square_5x5_spiral_small,
          minmay_the_grid_square_5x5_inset, minmay_the_grid_triangle_9x9_sprig,
          minmay_the_grid_triangle_9x9_steps,
          minmay_the_grid_triangle_9x9_warning,
          minmay_the_grid_triangle_9x9_zippers_vertical,
          minmay_the_grid_triangle_9x9_cache,
          minmay_the_grid_triangle_9x9_dagger,
          minmay_the_grid_triangle_9x9_pentomino_pain,
          minmay_the_grid_triangle_9x9_semitri,
          minmay_the_grid_triangle_9x9_flanged_cone,
          minmay_the_grid_triangle_9x9_wacky_v,
          minmay_the_grid_triangle_9x9_swiss_cheese,
          minmay_the_grid_triangle_9x9_limited_checkers,
          minmay_the_grid_triangle_9x9_zippers_horizontal,
          minmay_the_grid_triangle_9x9_windchime,
          minmay_the_grid_triangle_9x9_tough_junction,
          minmay_the_grid_triangle_9x9_minimal,
          minmay_the_grid_square_5x5_shrine1,
          minmay_the_grid_octo_tetromino_candy, minmay_the_grid_octo_focus,
          minmay_the_grid_octo_fan_narrow, minmay_the_grid_octo_vomiting_pacman,
          minmay_the_grid_octo_odd_swirl, minmay_the_grid_octo_clover,
          minmay_the_grid_octo_horde, minmay_the_grid_octo_fat_diamond,
          minmay_the_grid_square_x, minmay_the_grid_tiny_cups,
          minmay_the_grid_expand, minmay_the_grid_outer_diamond], serial_shops,
          hell_entry, abyss_entry
Depths:4: evilmike_zot_entry_basic, layout_basic, hell_entry,
          serial_bayou_shore_b, kennysheep_random_hallway
Zot:1:    nicolae_zot_stationary_front, layout_basic, uniq_vv
Zot:2:    layout_basic
Zot:3:    ebering_klown_carousel, layout_cathedral_of_symmetry, uniq_josephina
Zot:4:    layout_onion, hangedman_elemental_grid_stream
Zot:5:    layout_twisted_circle

Skill      XL: |  1  2  3  4  5  6  7  8  9 10 11 12 13 14 15 16 17 18 19 20 21 22 23 24 25 26 27 |
---------------+----------------------------------------------------------------------------------+-----
Maces & Flails | 3 4 5 6 7 8 10 11 13 14 16 17 18 19 20 21 22 | 22.0
Fighting       | 5 6 7 9 10 11 12 13 15 16 17 18 19 20 22 23 24 26 27 | 27.0
Throwing       | 1 2 3 4 5 6 7 8 9 10 11 12 13 14 15 17 21 23 | 23.1
Evocations     | 1 2 3 6 7 8 |  8.1
Invocations    | 2 4 6 8 9 11 12 13 | 13.0
Armour         | 1 3 4 6 7 9 10 11 12 13 14 15 16 17 | 17.1
Dodging        | 5 7 8 |  8.7
Shapeshifting  | 25 | 25.3

Action                     |  1- 3 |  4- 6 |  7- 9 | 10-12 | 13-15 | 16-18 | 19-21 | 22-24 | 25-27 || total
---------------------------+-------+-------+-------+-------+-------+-------+-------+-------+-------++-------
  Melee: Mace              |    70 |   100 |       |       |       |       |       |       |       ||   170
         Whip              |       |    68 |       |       |       |       |       |       |       ||    68
         Flail             |       |    19 |   324 |       |       |       |       |       |       ||   343
         Demon whip        |       |       |    51 |   411 |   651 |       |       |       |       ||  1113
         Morningstar       |       |       |       |       |   129 |       |    24 |       |     9 ||   162
         Giant spiked club |       |       |       |       |   227 |   450 |   634 |   121 |  1925 ||  3357
         Punch             |       |       |       |       |       |       |       |       |     1 ||     1
  Throw: Dart              |     3 |       |    10 |    15 |     2 |     1 |     1 |       |       ||    32
         Boomerang         |       |    11 |    16 |    77 |    29 |   109 |       |       |     5 ||   247
         Javelin           |       |       |       |    11 |    23 |    18 |    38 |    69 |    57 ||   216
         Large rock        |       |       |       |       |    12 |   106 |   121 |    76 |   194 ||   509
 Invoke: Heroism           |       |       |       |     8 |    15 |    20 |    20 |     7 |    18 ||    88
         Finesse           |       |       |       |       |     5 |    15 |    10 |     4 |    14 ||    48
         Receive Weapon    |       |       |       |       |     1 |       |       |       |       ||     1
         Receive Armour    |       |       |       |       |     1 |       |       |       |       ||     1
         Duel              |       |       |       |       |       |       |     1 |     1 |     2 ||     4
  Evoke: Wand              |       |       |     3 |     9 |     1 |     5 |     7 |     5 |     2 ||    32
         Lightning rod     |       |       |       |       |       |     7 |     3 |       |       ||    10
         Condenser vane    |       |       |       |       |       |       |       |       |     3 ||     3
         Phial of floods   |       |       |       |       |       |       |       |       |     2 ||     2
    Use: Scroll            |       |     5 |     4 |     6 |    14 |     7 |     6 |     4 |    24 ||    70
         Potion            |       |     4 |       |       |     2 |     2 |     9 |     4 |    11 ||    32
   Stab: Confused          |       |       |       |     2 |       |       |       |       |       ||     2
         Invisible         |       |       |       |     1 |       |       |       |       |       ||     1
         Distracted        |       |       |       |       |     2 |    12 |    10 |     1 |    32 ||    57
 Armour: Robe              |    57 |   107 |   262 |    65 |       |       |       |       |       ||   491
         Skin              |       |    28 |       |       |       |       |       |       |       ||    28
         Steam dragon scal |       |       |       |    62 |       |       |       |       |       ||    62
         Troll leather arm |       |       |       |    55 |   281 |       |       |       |       ||   336
         Gold dragon scale |       |       |       |       |   401 |   417 |   761 |   213 |  2241 ||  4033
  Dodge: Dodged            |    24 |   103 |   241 |   181 |   372 |   106 |   147 |    52 |   598 ||  1824
  Block: Orb               |       |       |    72 |    57 |   100 |       |       |       |       ||   229
         Reflection        |       |       |     2 |     1 |     9 |    12 |     2 |       |       ||    26
         Other             |       |       |       |       |    44 |    65 |    22 |       |       ||   131
   Form: Death             |       |       |       |       |       |       |       |       |     2 ||     2
                           |       |       |       |       |       |       |       |       |     1 ||     1

Table legend: (Time is in decaauts)
 A = Elapsed time spent in this place.
 B = Non-inter-level travel time spent in this place.
 C = Inter-level travel time spent in this place.
 D = Time resting spent in this place.
 E = Time spent auto-exploring this place.
 F = Levels seen in this place.
 G = Mean time per level.
                   A        B        C        D        E       F      G
               +--------+--------+--------+--------+--------+-----+--------+
         Total |  59234 |  52401 |   6833 |  12102 |  28116 |  76 |  779.4 |
       Dungeon |  16692 |  13547 |   3145 |   2959 |   7808 |  15 | 1112.8 |
        Temple |     34 |      1 |     33 |      0 |      0 |   1 |   34.0 |
          Lair |   5708 |   4995 |    713 |    708 |   3390 |   5 | 1141.6 |
        Shoals |   2370 |   2219 |    151 |    144 |   1400 |   4 |  592.5 |
     Snake Pit |   3088 |   2827 |    261 |    138 |   2164 |   4 |  772.0 |
    Slime Pits |   2027 |   1918 |    109 |    291 |   1218 |   5 |  405.4 |
  Orcish Mines |   1791 |   1610 |    181 |    618 |    735 |   2 |  895.5 |
   Elven Halls |   3411 |   3205 |    206 |    902 |   1635 |   3 | 1137.0 |
        Vaults |   7305 |   6288 |   1017 |    579 |   4248 |   5 | 1461.0 |
        Depths |   9767 |   9100 |    667 |   4573 |   2466 |   4 | 2441.8 |
           Zot |   3139 |   2791 |    348 |    405 |   1579 |   5 |  627.8 |
      Ziggurat |   1163 |   1163 |      0 |    340 |    359 |  13 |   89.5 |
         Trove |     76 |     76 |      0 |      0 |     16 |   1 |   76.0 |
         Sewer |    925 |    925 |      0 |    291 |    289 |   1 |  925.0 |
       Ossuary |    221 |    221 |      0 |     50 |     82 |   1 |  221.0 |
      Ice Cave |     86 |     86 |      0 |     21 |     14 |   1 |   86.0 |
        Wizlab |    944 |    944 |      0 |      0 |    583 |   1 |  944.0 |
      Gauntlet |    395 |    395 |      0 |     43 |    128 |   1 |  395.0 |
         Arena |     83 |     83 |      0 |     36 |      0 |   4 |   20.8 |
               +--------+--------+--------+--------+--------+-----+--------+

Top non-repeatable levels by time:
Depths:2: 3754 daAuts
Depths:3: 3698 daAuts
Vaults:5: 2057 daAuts
   Elf:3: 1716 daAuts
  Lair:5: 1706 daAuts
    D:12: 1516 daAuts
Vaults:2: 1480 daAuts
Vaults:4: 1469 daAuts
     D:4: 1441 daAuts
    D:14: 1440 daAuts
    D:10: 1389 daAuts
     D:5: 1309 daAuts
Depths:4: 1241 daAuts
     D:9: 1238 daAuts
   Zot:5: 1191 daAuts
